 Dungeon Crawl Stone Soup version 0.27-a0-998-g4cfe56dd59 (webtiles) character file.

Game seed: 2061368132259160745

77 robertstho the Firebug (level 4, -6/49 HPs)
             Began as a Draconian Fire Elementalist on Apr 16, 2021.
             Mangled by Crazy Yiuf
             ... wielding a +2 quarterstaff of chaos
              (8 damage)
             ... on level 3 of the Dungeon.
             The game lasted 00:04:32 (3568 turns).

robertstho the Firebug (DrFE)                       Turns: 3568, Time: 00:04:33

Health: -6/49      AC: 22    Str: 10    XL:     4   Next: 13%
Magic:  5/8        EV:  2    Int: 17    God:
Gold:   68         SH:  0    Dex: 11    Spells: 4/8 levels left

rFire    . . .     SeeInvis +   c - +2 dagger (protect)
rCold    . . .     Faith    .   (no shield)
rNeg     + + +     Spirit   .   (armour unavailable)
rPois    +         Reflect  .   (helmet currently unavailable)
rElec    .         Harm     .   (cloak currently unavailable)
rCorr    .         Rampage  .   (gloves currently unavailable)
Will     .....     NoTele   +   (boots currently unavailable)
Stlth    ++........             (no amulet)
HPRegen  0.16/turn              h - ring of see invisible
MPRegen  0.11/turn              e - ring of wizardry

@: lethally poisoned (-6 -> -15), tree-form, on berserk cooldown, slowed, very
slow
A: stationary, stasis, torment immunity, boosted hp, AC +5, unfitting armour,
(cold-blooded)
a: no special abilities


You were on level 3 of the Dungeon.
You were a tree.
You visited 1 branch of the dungeon, and saw 3 of its levels.

You collected 68 gold pieces.

Inventory:

Hand Weapons
 c - a +2 dagger of protection (weapon)
 d - a +0 long sword
Missiles
 a - 66 stones
Armour
 i - a +2 hat (melded)
Jewellery
 e - a ring of wizardry (right branch)
 h - a ring of see invisible (left branch)
Wands
 j - a wand of iceblast (11)
Scrolls
 f - a scroll of teleportation {unknown}
 l - a scroll of torment {unknown}
 o - a scroll of summoning {unknown}
Potions
 b - a potion of lignification
 g - a potion of curing
 k - a potion of invisibility {unknown}
 m - a potion of resistance {unknown}
 n - a potion of magic {unknown}


   Skills:
 + Level 2.0 Dodging
 + Level 2.0 Stealth
 * Level 2.9 Spellcasting
 * Level 2.2 Conjurations
 * Level 3.5 Fire Magic


You had 4 spell levels left.
You knew the following spells:

 Your Spells              Type           Power      Damage    Failure   Level
a - Foxfire               Conj/Fire      48%        2x1d6     2%          1
b - Conjure Flame         Conj/Fire      12%        6-21      6%          3

Your spell library contained the following spells:

 Spells                   Type           Power      Damage    Failure   Level
 Apportation              Tloc           4%         N/A       8%          1
 Inner Flame              Hex/Fire       8%         N/A       11%         3
 Lesser Beckoning         Tloc           1%         N/A       21%         3
 Tukima's Dance           Hex            2%         N/A       21%         3
 Sticky Flame             Conj/Fire      12%        2d4       21%         4
 Fireball                 Conj/Fire      6%         3d5       50%         5
 Alistair's Intoxication  Tmut/Pois      1%         N/A       86%         5
 Invisibility             Hex            2%         N/A       100%        6


Dungeon Overview and Level Annotations

Branches:
Dungeon (3/15)

Altars:

Annotations:
D:2 Sigmund
D:3 Crazy Yiuf


Innate Abilities, Weirdness & Mutations

You are a tree.
Your roots penetrate the ground, keeping you stationary.
You cannot be teleported.
You are immune to unholy pain and torment.
Your maximum health is greatly increased.
Your equipment is partially melded.
((Your plain brown scales are hard. (AC +5)))
You cannot fit into any form of body armour.
((You are cold-blooded and may be slowed by cold attacks.))


Message History

Crazy Yiuf is severely wounded.
You are too berserk!
Sorry, you're not good enough to have a special ability.
You feel a strong urge to attack something.
* * * LOW HITPOINT WARNING * * *
You feel sick.
You are too berserk!
* * * LOW HITPOINT WARNING * * *
You feel sick.
You feel your anger nearly subside.
* * * LOW HITPOINT WARNING * * *
You feel sick.
You are no longer berserk.
You are exhausted.
You feel yourself slow down.
* * * LOW HITPOINT WARNING * * *
You feel sick.
It was a potion of lignification.
You turn into a tree.
Your +2 hat melds into your body.
Your roots penetrate the ground.
* * * LOW HITPOINT WARNING * * *
You feel sick.
Crazy Yiuf drinks a potion.
Crazy Yiuf is healed!
You feel better.
Casting: Foxfire (safe; 2% risk of failure)
Confirm with . or Enter, or press ? or * to list all spells.
You conjure some foxfire!
Crazy Yiuf hits you but does no damage. x2
The foxfire hits Crazy Yiuf.
Crazy Yiuf is severely wounded.
The foxfire hits Crazy Yiuf.
Crazy Yiuf is almost dead.
Crazy Yiuf hits you with a +2 quarterstaff of chaos.
* * * LOW HITPOINT WARNING * * *
You are lethally poisoned!
Casting: Foxfire (safe; 2% risk of failure)
Confirm with . or Enter, or press ? or * to list all spells.
You conjure some foxfire!
* * * LOW HITPOINT WARNING * * *
You feel very sick. Crazy Yiuf hits you but does no damage.
Crazy Yiuf hits you with a +2 quarterstaff of chaos!
You die...

#...(...............#
#.########..........# #.#
#.########.##### ###### #.# #.#
##......... .....# #.# #.#
#.....##### .....# #.########.#
#.......... .....# #..........#
#.#.#.#.#.. .....#######....§v.#
#.#.#.#.#..
................♣v.####.#.#......
.....#######.....g###...#.#...#..
##..## #............#.#...###
##..# ########....####......
##..# #....# #...... ##..# ♣....♣
#...### ##..## ♣...♣♣ #......
.....# ♣♣.♣♣ ##..###
.....############ ♣.♣♣ #...#


You could see Crazy Yiuf (ally target).

Vanquished Creatures
  3 adders (D:2)
  2 dart slugs
  2 orcs (D:3)
  4 ball pythons
  2 endoplasms
  3 giant cockroaches
  4 goblins (D:1)
  6 hobgoblins
  4 jackals
  3 bats (D:1)
  2 frilled lizards (D:1)
  5 kobolds
  A rat (D:1)
41 creatures vanquished.

Vanquished Creatures (others)
  145 foxfires
145 creatures vanquished.

Grand Total: 186 creatures vanquished

Notes
Turn   | Place    | Note
-------+----------+-------------------------------------------
     0 | D:1      | robertstho the Draconian Fire Elementalist began the quest
                  | for the Orb.
     0 | D:1      | Reached XP level 1. HP: 14/14 MP: 3/3
   354 | D:1      | Reached XP level 2. HP: 20/20 MP: 3/5
   431 | D:1      | Found a faded altar of an unknown god.
  1349 | D:2      | Reached XP level 3. HP: 15/26 MP: 2/6
  2084 | D:2      | Noticed Sigmund
  2117 | D:1      | Learned a level 3 spell: Conjure Flame
  2764 | D:3      | Reached XP level 4. HP: 33/33 MP: 4/8
  3335 | D:3      | Found a runed translucent door.
  3336 | D:3      | Noticed Crazy Yiuf
  3568 | D:3      | HP: 2/49 [poisoned by Crazy Yiuf]
  3568 | D:3      | Mangled by Crazy Yiuf

Illustrated notes

Levels and vault maps discovered:
D:1:      lemuel_arrival_cross, layout_loops_cross,
          hellmonk_ecumenical_altar_crossroads
D:2:      layout_loops_corners, uniq_sigmund
D:3:      layout_basic, uniq_crazy_yiuf_cottage

Skill      XL: |  1  2 |
---------------+-------+-----
Stealth        | 2 |  2.0
Dodging        | 2 |  2.0
Conjurations   | 2 |  2.2
Spellcasting   | |  2.9
Fire Magic     | |  3.5

Action                   |  1- 3 |  4- 6 || total
-------------------------+-------+-------++-------
Melee: Dagger            |       |     4 ||     4
       Tailslap          |       |     1 ||     1
 Cast: Foxfire           |    75 |    16 ||    91
  Use: Scroll            |     2 |       ||     2
       Potion            |       |     2 ||     2
Armor: Skin              |    16 |     6 ||    22
Dodge: Dodged            |    46 |     3 ||    49

Table legend: (Time is in decaauts)
 A = Elapsed time spent in this place.
 B = Non-inter-level travel time spent in this place.
 C = Inter-level travel time spent in this place.
 D = Time resting spent in this place.
 E = Time spent auto-exploring this place.
 F = Levels seen in this place.
 G = Mean time per level.
                   A        B        C        D        E       F      G
               +--------+--------+--------+--------+--------+-----+--------+
         Total |   3569 |   3397 |    172 |      0 |   2971 |   3 | 1189.7 |
       Dungeon |   3569 |   3397 |    172 |      0 |   2971 |   3 | 1189.7 |
               +--------+--------+--------+--------+--------+-----+--------+

Top non-repeatable levels by time:
     D:3: 1377 daAuts
     D:1: 1306 daAuts
     D:2: 885 daAuts
